 Dungeon Crawl Stone Soup version 0.19-a0-1049-g462a813 (webtiles) character file.

40 Gagarin the Firebug (level 3, -2/26 HPs)
             Began as a Draconian Fire Elementalist on July 31, 2016.
             Slain by a gnoll
             ... wielding a +0 halberd
              (15 damage)
             ... on level 1 of the Dungeon.
             The game lasted 00:04:03 (1155 turns).

Gagarin the Firebug (Draconian Fire Elementalist)   Turns: 1155, Time: 00:04:04

Health: -2/26      AC:  5    Str: 10    XL:     3   Next: 30%
Magic:  1/6        EV: 12    Int: 16    God:
Gold:   78         SH:  0    Dex: 11    Spells: 2 memorised, 3 levels left

rFire  . . .     SeeInvis .     (no weapon)
rCold  . . .     Gourm    .     (armour unavailable)
rNeg   . . .     Faith    .     (no shield)
rPois  .         Spirit   .     (helmet restricted)
rElec  .         Dismiss  .     (no cloak)
rCorr  .         Reflect  .     (no gloves)
SustAt .         Harm     .     (no boots)
MR     .....                    (no amulet)
Stlth  ++........               (no ring)
                                (no ring)

@: not resistant to hostile enchantments, unstealthy
A: unfitting armour, cold-blooded, AC +5
a: no special abilities


You were on level 1 of the Dungeon.
You were not hungry.

You visited 1 branch of the dungeon, and saw 2 of its levels.

You collected 78 gold pieces.

Inventory:

Scrolls
 c - a scroll of amnesia {unknown}
 e - 2 scrolls of random uselessness {unknown}
 g - a scroll of fear {unknown}
Potions
 h - 2 potions of degeneration {unknown}
Books
 a - a book of Flames

   Spells                             Type                      Level
   a - Flame Tongue                   Conjuration/Fire             1
   b - Throw Flame                    Conjuration/Fire             2
   c - Conjure Flame                  Conjuration/Fire             3
   d - Inner Flame                    Hexes/Fire                   3
   e - Sticky Flame                   Conjuration/Fire             4
   f - Fireball                       Conjuration/Fire             5
Comestibles
 b - a bread ration
 d - 2 meat rations
 f - 5 chunks of flesh


   Skills:
 + Level 0.2 Fighting
 + Level 2.1 Dodging
 + Level 1.8 Stealth
 + Level 2.5 Spellcasting
 + Level 1.2 Conjurations
 + Level 3.6 Fire Magic


You had 3 spell levels left.
You knew the following spells:

 Your Spells              Type           Power        Failure   Level  Hunger
a - Flame Tongue          Conj/Fire      #....        10%         1    #......
b - Conjure Flame         Conj/Fire      #.......     21%         3    ###....


Dungeon Overview and Level Annotations

Branches:
Dungeon (2/15)

Altars:


Innate Abilities, Weirdness & Mutations

Your plain brown scales are hard. (AC +5)
Your body does not fit into most forms of armour.
You are cold-blooded and may be slowed by cold attacks.


Message History

The flame tongue hits the gnoll.
The gnoll is lightly wounded.
Casting: Flame Tongue
Confirm with . or Enter, or press ? or * to list all spells.
Aiming: Flame Tongue
Press: ? - help, Shift-Dir - straight line, f/p - gnoll
Aim: a gnoll, wielding a halberd (lightly wounded)
The flame tongue hits the gnoll.
The gnoll is severely wounded.
The gnoll hits you from afar with a halberd!
Casting: Flame Tongue
Confirm with . or Enter, or press ? or * to list all spells.
Aiming: Flame Tongue
Press: ? - help, Shift-Dir - straight line, f/p - gnoll
Aim: a gnoll, wielding a halberd (severely wounded)
The flame tongue hits the gnoll.
The gnoll is almost dead.
The gnoll hits you from afar with a halberd!
Ouch! That really hurt!
You die...

.. #(..# #.......#
#.####...###.).....#
##.............####.#####
.....)............##......
.##.............#........#
#.####...###..#.##.#.#.#
.. #...# #.........#.# .#
#...# ##......#.#.# #.@.#
###.##.....# ##(##
#......### #g# ######.###
#(#### #..... #)...#
##.##. .........#.....
####. ...........#### ##
.....##....# ..##. ...#.#


You could see a gnoll.

Vanquished Creatures
  An adder (D:2)
  2 giant geckos
  A ball python (D:1)
  4 bats (D:1)
  5 giant cockroaches
  2 goblins (D:1)
  2 hobgoblins (D:2)
  A jackal (D:2)
  2 giant newts
  4 kobolds
  3 rats (D:1)
27 creatures vanquished.

Notes
Turn   | Place    | Note
-------+----------+-------------------------------------------
     0 | D:1      | Gagarin the Draconian Fire Elementalist began the quest for the Orb.
     0 | D:1      | Reached XP level 1. HP: 14/14 MP: 3/3
   292 | D:2      | Reached XP level 2. HP: 20/20 MP: 0/5
   857 | D:1      | Reached XP level 3. HP: 25/26 MP: 0/6
   934 | D:1      | Learned a level 3 spell: Conjure Flame
  1155 | D:1      | Slain by a gnoll

Vault maps used:
D:1:      minmay_arrival_split_and_join, minmay_tiny_reverse_x
D:2:      grunt_decor_mini_mirrors, uniq_terence, uniq_jessica

Skill      XL: |  1  2 |
---------------+-------+-----
Dodging        | 2 |  2.1
Fighting       | |  0.2
Stealth        | |  1.8
Spellcasting   | |  2.5
Conjurations   | |  1.2
Fire Magic     | |  3.6

Action                   || total
-------------------------++-------
Melee: Unarmed           ||    62
       Tailslap          ||     5
 Cast: Flame Tongue      ||    44
  Eat: Chunk             ||     2
Armor: Skin              ||    24
Dodge: Dodged            ||    65
